 Dungeon Crawl Stone Soup version 0.26-a0-854-gdc81c2f471 (webtiles) character file.

Game seed: 13893274543959256420

102 iamoutofideas the Magician (level 4, -2/24 HPs)
             Began as a Deep Elf Fire Elementalist on Nov 23, 2020.
             Slain by Grinder (5 damage)
             ... while paralysed by Grinder
             ... on level 3 of the Dungeon.
             The game lasted 00:03:00 (3233 turns).

iamoutofideas the Magician (DEFE)                   Turns: 3233, Time: 00:03:01

Health: -2/24      AC:  2    Str:  5    XL:     4   Next: 49%
Magic:  8/13       EV:  2    Int: 21    God:
Gold:   115        SH:  0    Dex: 15    Spells: 6/13 levels left

rFire    . . .     SeeInvis .   o - +2 dagger (venom)
rCold    . . .     Faith    .   (no shield)
rNeg     . . .     Spirit   .   a - +0 robe
rPois    .         Reflect  .   (no helmet)
rElec    .         Harm     .   (no cloak)
rCorr    .         Rampage  .   (no gloves)
MR       .....                  (no boots)
Stlth    ++........             (no amulet)
HPRegen  0.08/turn              (no ring)
MPRegen  0.13/turn              (no ring)

@: paralysed
A: no striking features
a: no special abilities


You were on level 3 of the Dungeon.
You visited 1 branch of the dungeon, and saw 3 of its levels.

You collected 115 gold pieces.

Inventory:

Hand Weapons
 o - a +2 dagger of venom (weapon)
Armour
 a - a +0 robe (worn)
Scrolls
 b - 2 scrolls of teleportation {unknown}
 c - 2 scrolls of magic mapping
 e - a scroll of random uselessness {unknown}
 f - a scroll of noise {unknown}
 g - a scroll of enchant weapon
 i - 2 scrolls of fear
 j - a scroll of enchant armour {unknown}
 k - a scroll of amnesia {unknown}
 l - a scroll of blinking {unknown}
Potions
 h - a potion of curing {unknown}
 n - a potion of invisibility {unknown}


   Skills:
 + Level 2.7 Dodging
 + Level 2.5 Stealth
 + Level 0.1 Unarmed Combat
 * Level 5.0 Spellcasting
 + Level 2.1 Conjurations
 * Level 4.1 Fire Magic


You had 6 spell levels left.
You knew the following spells:

 Your Spells              Type           Power        Failure   Level
a - Foxfire               Conj/Fire      ###.         3%          1
b - Conjure Flame         Conj/Fire      ###.....     9%          3
c - Inner Flame           Hex/Fire       ##......     14%         3

Your spell library contained the following spells:

 Spells                   Type           Power        Failure   Level
 Sticky Flame             Conj/Fire      ###.....     30%         4
 Fireball                 Conj/Fire      ###.......   63%         5


Dungeon Overview and Level Annotations

Branches:
Dungeon (3/15)

Altars:
Ashenzari
Dithmenos

Annotations:
D:3 Grinder


Message History

Confirm with . or Enter, or press ? or * to list all spells.
Okay, then.
Grinder gestures at you. Pain shoots through your body!
Ouch! That really hurt!
Casting: Conjure Flame (quite dangerous; 9% risk of failure)
Confirm with . or Enter, or press ? or * to list all spells.
You conjure some foxfire!
Grinder gestures at you.
You suddenly lose the ability to move!
The foxfire hits Grinder but does no damage.
Grinder is moderately wounded.
Grinder hits you.
You writhe in agony.
Grinder hits you.
* * * LOW HITPOINT WARNING * * *
You writhe in agony.
* * * LOW HITPOINT WARNING * * *
Grinder says, "Tell me all your secrets, or I'll kill you."
Grinder hits you.
You die...

###############
#......5......#
#.###########.# #.#
#.################ #.#
#@5............... #.#
###################.#
#.########...<# #.#
#........#.#########
#.#
...5#####...#.###.....#
#.# .... #.........#
#.# .... #####.##..#
#.# ....
.........#########.#
..#.
####.###...........#


You could see Grinder.

Vanquished Creatures
  4 adders (D:2)
  2 oozes (D:1)
  A dart slug (D:1)
  3 leopard geckos
  2 ball pythons
  6 bats
  A giant cockroach (D:1)
  4 goblins (D:2)
  11 hobgoblins
  4 jackals (D:1)
  2 kobolds (D:2)
  3 frilled lizards
  5 rats
48 creatures vanquished.

Vanquished Creatures (others)
  191 foxfires
191 creatures vanquished.

Grand Total: 239 creatures vanquished

Notes
Turn   | Place    | Note
-------+----------+-------------------------------------------
     0 | D:1      | iamoutofideas the Deep Elf Fire Elementalist began the
                  | quest for the Orb.
     0 | D:1      | Reached XP level 1. HP: 10/10 MP: 6/6
   454 | D:1      | Reached XP level 2. HP: 15/15 MP: 3/8
  1006 | D:1      | Reached XP level 3. HP: 8/19 MP: 6/10
  1787 | D:2      | Reached skill level 4 in Spellcasting
  1830 | D:2      | Found a broken altar of Ashenzari.
  2204 | D:2      | Found a faded altar of an unknown god.
  2498 | D:2      | Reached XP level 4. HP: 24/24 MP: 9/12
  2901 | D:2      | Learned a level 3 spell: Conjure Flame
  2905 | D:2      | Learned a level 3 spell: Inner Flame
  2964 | D:2      | Found a shadowy altar of Dithmenos.
  3179 | D:3      | Noticed Grinder
  3182 | D:3      | Paralysed by Grinder for 7 turns
  3183 | D:3      | Reached skill level 5 in Spellcasting
  3216 | D:3      | Paralysed by Grinder for 7 turns
  3230 | D:3      | Paralysed by Grinder for 6 turns
  3233 | D:3      | Slain by Grinder

Illustrated notes

Levels and vault maps discovered:
D:1:      tarquinn_simple_flora_water_d, layout_loops_ring
D:2:      layout_basic, grunt_dithmenos_smoke, ashenzari_conservatory_becter,
          chequers_ecumenical_altar_island
D:3:      layout_basic, overflow_temple_1_default, lemuel_round_altar,
          gammafunk_temple_overflow_claw, uniq_jessica, uniq_ijyb, uniq_grinder

Skill      XL: |  1  2  3  4 |
---------------+-------------+-----
Spellcasting   | 4 5 |  5.0
Fire Magic     | 4 |  4.1
Conjurations   | 2 |  2.1
Dodging        | |  2.7
Stealth        | |  2.5
Unarmed Combat | |  0.1

Action                   |  1- 3 |  4- 6 || total
-------------------------+-------+-------++-------
Melee: Unarmed           |    10 |     1 ||    11
       Dagger            |       |     1 ||     1
 Cast: Foxfire           |   119 |    33 ||   152
       Conjure Flame     |       |     1 ||     1
  Use: Scroll            |       |     4 ||     4
Armor: Robe              |     6 |     1 ||     7
Dodge: Dodged            |    53 |     7 ||    60

Table legend: (Time is in decaauts)
 A = Elapsed time spent in this place.
 B = Non-inter-level travel time spent in this place.
 C = Inter-level travel time spent in this place.
 D = Time resting spent in this place.
 E = Time spent auto-exploring this place.
 F = Levels seen in this place.
 G = Mean time per level.
                   A        B        C        D        E       F      G
               +--------+--------+--------+--------+--------+-----+--------+
         Total |   3234 |   3179 |     55 |    205 |   2531 |   3 | 1078.0 |
       Dungeon |   3234 |   3179 |     55 |    205 |   2531 |   3 | 1078.0 |
               +--------+--------+--------+--------+--------+-----+--------+

Top non-repeatable levels by time:
     D:1: 1692 daAuts
     D:2: 1421 daAuts
     D:3: 120 daAuts
